 Dungeon Crawl Stone Soup version 0.22.1-1-ga44c0e56f4 (webtiles) character file.

16398 Morbidden the Brawler (level 12, 55/94 HPs)
             Began as a Pale Draconian Monk on Oct 15, 2018.
             Was an Initiate of Gozag.
             Quit the game on level 13 of the Dungeon.
             The game lasted 00:42:38 (11774 turns).

Morbidden the Brawler (Pale Draconian Monk)        Turns: 11774, Time: 00:42:39

Health: 55/94      AC: 11    Str: 17    XL:     12   Next: 9%
Magic:  10/12      EV: 13    Int: 12    God:    Gozag
Gold:   2875       SH:  9    Dex: 14    Spells: 11/11 levels left

rFire    . . .     SeeInvis +     - Unarmed
rCold    . . .     Gourm    .   s - +1 shield {reflect}
rNeg     . . .     Faith    .   (armour unavailable)
rPois    .         Spirit   +   (helmet restricted)
rElec    .         Reflect  +   l - +0 cloak
rCorr    .         Harm     .   x - +1 pair of gloves
MR       .....                  (no boots)
Stlth    +++.......             n - amulet of guardian spirit
HPRegen  0.25/turn              D - ring of flight
MPRegen  0.13/turn              g - ring of see invisible

@: short of breath, starving
A: breathe steam, unfitting armour, cold-blooded, AC +8
a: Breathe Steam, Potion Petition, Call Merchant, Bribe Branch, Renounce
Religion, Evoke Flight


You were on level 13 of the Dungeon.
You worshipped Gozag.
Gozag was most pleased with you.
You were starving.

You visited 2 branches of the dungeon, and saw 14 of its levels.
You also visited: Bailey.

You collected 3043 gold pieces.
You paid 168 gold pieces to Gozag.

Inventory:

Missiles
 h - 9 tomahawks (quivered)
 C - 6 poisoned javelins
Armour
 l - a +0 cloak (worn)
 s - a +1 shield of reflection (worn)
 x - a +1 pair of gloves (worn)
Jewellery
 b - an uncursed ring of magical power
 g - a ring of see invisible (right hand)
 n - an amulet of guardian spirit (around neck)
 D - a ring of flight (left hand)
Scrolls
 e - 7 scrolls of teleportation
 j - a scroll of fog
 p - 3 scrolls of fear
 r - 4 scrolls of remove curse
 z - 2 scrolls of amnesia
Potions
 c - 6 potions of curing
 d - 3 potions of brilliance
 f - 3 potions of lignification
 i - 2 potions of might
 k - 3 potions of heal wounds
 m - 2 potions of haste
 o - 2 potions of invisibility
 q - a potion of flight {unknown}
 u - 2 potions of ambrosia
 v - a potion of agility {unknown}
 w - 2 potions of berserk rage
 A - a potion of magic {unknown}
 B - 2 potions of cancellation
Miscellaneous
 y - a phial of floods (inert)
 E - a lightning rod (3/4)
Comestibles
 a - 9 rations


   Skills:
 + Level 5.5 Fighting
 + Level 7.0 Dodging
 + Level 6.7 Stealth
 * Level 1.9 Shields
 * Level 16.0 Unarmed Combat
 + Level 1.2 Evocations


You had 11 spell levels left.
You didn't know any spells.
Your spell library was empty.

Dungeon Overview and Level Annotations

Branches:
Dungeon (13/15)            Temple (1/1) D:4            Lair (0/6) D:11
    Orc (0/2) D:11
 Vaults: D:13-14

Altars:
Ashenzari
Cheibriados
Dithmenos
Elyvilon
Fedhas
Gozag
Hepliaklqana
Kikubaaqudgha
Makhleb
Nemelex Xobeh
Okawaru
Qazlal
Ru
Sif Muna
Trog
Uskayaw
Vehumet
Wu Jian
Xom
Yredelemnul
Zin
The Shining One

Shops:
D:8 *

Annotations:
D:8 1 runed door, sunhra's ghost, novice KoHu
D:11 2 runed doors
D:12 Sonja
D:13 Frances


Innate Abilities, Weirdness & Mutations

You can breathe blasts of scalding, opaque steam.
Your pale cyan-grey scales are hard. (AC +8)
You cannot fit into any form of body armour.
You are cold-blooded and may be slowed by cold attacks.


Message History

The manticore is engulfed in a cloud of scalding steam.
The manticore misses you. The manticore barely misses you.
The manticore claws you.
Frances is engulfed in a cloud of scalding steam.
Frances screams a word of power!
You closely miss the manticore.
You tail-slap the manticore, but do no damage.
The manticore is heavily wounded.
Frances is engulfed in a cloud of scalding steam.
Frances whispers indecipherable words.
The manticore is engulfed in a cloud of scalding steam.
You block the manticore's attack. x2; The manticore claws you.
Quiver which item? (- for none, * to show all) (? for menu, Esc to quit)
Okay, then.
Okay, then.
Unknown command.
Quiver which item? (- for none, * to show all) (? for menu, Esc to quit)
Okay, then.
Unknown command.
Are you sure you want to abandon this character and quit the game? (Confirm

$ $ .
...o##################
.J.45@H@...............
...3########...........
. #........[..
#####...........
................
................
####............
#.#...###.## #.##..#
#.#


You could see Frances, a manticore, an ice devil (wandering), a sixfirhy
(wandering), an orc warrior, a jelly (wandering) and a crimson imp.

Vanquished Creatures
  A hydra (D:11)
  2 two-headed ogres
  2 unseen horrors (D:13)
  2 orc knights (Bailey)
  2 ugly things (D:11)
  A cyclops (D:13)
  A komodo dragon (D:13)
  A queen bee (D:8)
  Grinder (D:5)
  A hornet (D:11)
  Prince Ribbit (D:7)
  5 slime creatures (D:11)
  5 hippogriffs
  Sigmund (D:3)
  3 yaks (D:13)
  A wraith (D:10)
  3 wyverns
  Edmund (D:6)
  2 hungry ghosts (D:11)
  A soldier ant (D:10)
  Duvessa (D:5)
  11 orc warriors
  2 ice beasts
  Purgy (D:3)
  3 ogres
  3 phantoms
  2 sky beasts (D:10)
  4 centaurs
  A crocodile (D:9)
  A big kobold (D:11)
  2 bullfrogs
  Blork the orc (D:6)
  Dowan (D:5)
  2 wyvern zombies
  2 scorpions
  24 killer bees
  5 wights (D:11)
  3 howler monkeys
  A centaur zombie (D:8)
  7 crimson imps
  4 bullfrog zombies
  A quasit (D:9)
  Crazy Yiuf (D:6)
  13 orc wizards
  5 orc priests
  2 centaur skeletons
  4 hounds
  4 jellies
  3 bullfrog skeletons
  Jessica (D:3)
  8 worker ants
  5 iguanas
  A hound zombie (D:9)
  2 hound skeletons
  A worker ant zombie (D:6)
  4 gnolls (D:7)
  8 adders
  4 shadow imps
  2 oozes (D:3)
  An adder skeleton (D:5)
  A worm (D:2)
  2 dart slugs
  6 leopard geckos
  37 orcs
  2 ball pythons
  A bat zombie (D:6)
  19 giant cockroaches
  8 goblins
  8 hobgoblins
  10 jackals
  A quokka (D:2)
  7 bats
  5 frilled lizards
  9 kobolds
  2 leopard gecko skeletons
  A leopard gecko zombie (D:6)
  11 rats
  3 rat zombies (D:6)
321 creatures vanquished.

Vanquished Creatures (collateral kills)
  An orc knight (Bailey)
  2 orc warriors (Bailey)
3 creatures vanquished.

Vanquished Creatures (others)
  An orc (Bailey)
  2 plants (D:11)
3 creatures vanquished.

Grand Total: 327 creatures vanquished

Notes
Turn   | Place    | Note
-------+----------+-------------------------------------------
     0 | D:1      | Morbidden the Draconian Monk began the quest for the Orb.
     0 | D:1      | Reached XP level 1. HP: 19/19 MP: 1/1
   540 | D:1      | Reached XP level 2. HP: 24/26 MP: 2/2
  1112 | D:2      | Found a shadowy altar of Dithmenos.
  1328 | D:2      | Found a white marble altar of Elyvilon.
  1454 | D:2      | Reached XP level 3. HP: 31/33 MP: 3/3
  1798 | D:3      | Noticed Sigmund
  1866 | D:3      | Reached skill level 4 in Unarmed Combat
  2283 | D:3      | Reached XP level 4. HP: 40/40 MP: 4/4
  2505 | D:3      | Noticed Purgy
  2520 | D:3      | Killed Purgy
  2520 | D:3      | Reached skill level 5 in Unarmed Combat
  2520 | D:3      | Reached XP level 5. HP: 42/46 MP: 5/5
  2761 | D:3      | Noticed Jessica
  2768 | D:3      | Killed Jessica
  2972 | D:3      | Killed Sigmund
  2972 | D:3      | Reached skill level 6 in Unarmed Combat
  2972 | D:3      | Reached XP level 6. HP: 34/52 MP: 6/6
  3721 | D:4      | Your scales start taking on a pale cyan-grey colour.
  3721 | D:4      | Reached XP level 7. HP: 52/58 MP: 7/7
  3946 | D:4      | Reached skill level 7 in Unarmed Combat
  3966 | D:4      | Found a staircase to the Ecumenical Temple.
  4018 | Temple   | Entered the Ecumenical Temple
  4188 | Temple   | Became a worshipper of Gozag Ym Sagoz the Greedy
  4479 | D:5      | Entered Level 5 of the Dungeon
  4526 | D:5      | Noticed Grinder
  4543 | D:5      | Paralysed by Grinder for 7 turns
  4555 | D:5      | Killed Grinder
  4555 | D:5      | Reached skill level 8 in Unarmed Combat
  4617 | D:5      | Noticed Duvessa
  4617 | D:5      | Noticed Dowan
  4627 | D:5      | Killed Duvessa
  4627 | D:5      | Reached XP level 8. HP: 46/66 MP: 8/8
  4628 | D:5      | Killed Dowan
  4778 | D:5      | Reached skill level 9 in Unarmed Combat
  5309 | D:5      | Found a deep blue altar of Sif Muna.
  5447 | D:6      | Noticed Edmund
  5447 | D:6      | Noticed Blork the orc
  5474 | D:6      | Killed Edmund
  5647 | D:6      | Reached skill level 10 in Unarmed Combat
  5817 | D:6      | Found a shimmering altar of Xom.
  5826 | D:6      | Found a snail-covered altar of Cheibriados.
  5936 | D:6      | Reached XP level 9. HP: 71/71 MP: 9/9
  5964 | D:6      | Found a runed door.
  6035 | D:6      | Killed Blork the orc
  6226 | D:6      | Found an ancient bone altar of Kikubaaqudgha.
  6283 | D:6      | Noticed Crazy Yiuf
  6286 | D:6      | Killed Crazy Yiuf
  6651 | D:7      | Found a glowing silver altar of Zin.
  6788 | D:7      | Found a hazy altar of Hepliaklqana.
  6822 | D:7      | Reached skill level 11 in Unarmed Combat
  6953 | D:7      | Noticed Prince Ribbit
  6964 | D:7      | Killed Prince Ribbit
  6964 | D:7      | Reached skill level 5 in Dodging
  7327 | D:7      | Found a stormy altar of Qazlal.
  7623 | D:8      | Reached skill level 12 in Unarmed Combat
  7627 | D:8      | Noticed sunhra's ghost (novice KoHu)
  7720 | D:8      | Found a runed door.
  7750 | D:8      | Found Eger's General Store.
  7823 | D:8      | Noticed a queen bee
  7841 | D:8      | Killed a queen bee
  7841 | D:8      | Reached XP level 10. HP: 43/80 MP: 10/10
  8481 | D:9      | Found a glowing golden altar of the Shining One.
  8599 | D:9      | Found a flagged portal.
  8611 | Bailey   | Entered a bailey
  8611 | Bailey   | Noticed an orc knight
  8618 | Bailey   | Noticed an orc knight
  8662 | Bailey   | Reached skill level 13 in Unarmed Combat
  8729 | Bailey   | Killed an orc knight
  8729 | Bailey   | Reached skill level 5 in Stealth
  8789 | Bailey   | Killed an orc knight
  8853 | Bailey   | Noticed an orc knight
  8978 | Bailey   | Killed an orc knight
  9531 | D:10     | Entered Level 10 of the Dungeon
  9598 | D:10     | Reached skill level 14 in Unarmed Combat
  9700 | D:10     | Reached XP level 11. HP: 63/85 MP: 11/11
  9921 | D:10     | Reached skill level 5 in Fighting
 10059 | D:11     | Found a staircase to the Orcish Mines.
 10186 | D:11     | Noticed a purple ugly thing
 10215 | D:11     | Killed a purple ugly thing
 10233 | D:11     | Noticed a two-headed ogre
 10248 | D:11     | Killed a two-headed ogre
 10345 | D:11     | Noticed a seven-headed hydra
 10585 | D:11     | Found a staircase to the Lair.
 10730 | D:11     | Noticed a green ugly thing
 10759 | D:11     | Killed a green ugly thing
 10764 | D:11     | Killed a seven-headed hydra
 10764 | D:11     | Reached skill level 15 in Unarmed Combat
 11093 | D:11     | Found a large runed door.
 11093 | D:11     | Found a large runed door.
 11174 | D:11     | Found a large runed door.
 11174 | D:11     | Found a large runed door.
 11308 | D:11     | Noticed a six-headed hydra
 11374 | D:12     | Noticed a cyan ugly thing
 11423 | D:12     | Noticed Sonja
 11441 | D:13     | Identified a scroll of acquirement
 11654 | D:13     | Noticed a two-headed ogre
 11675 | D:13     | Killed a two-headed ogre
 11675 | D:13     | Reached skill level 1 in Evocations
 11688 | D:13     | Noticed an unseen horror
 11700 | D:13     | Killed an unseen horror
 11700 | D:13     | Reached skill level 1 in Shields
 11706 | D:13     | Noticed an unseen horror
 11728 | D:13     | Reached XP level 12. HP: 61/94 MP: 7/12
 11730 | D:13     | Reached skill level 16 in Unarmed Combat
 11767 | D:13     | Noticed Frances
 11774 | D:13     | Quit the game

Skill      XL: |  1  2  3  4  5  6  7  8  9 10 11 12 |
---------------+-------------------------------------+-----
Dodging        | 3 4 5 6 7 |  7.0
Unarmed Combat | 4 5 6 8 10 12 14 15 16 | 16.0
Stealth        | 2 3 4 5 6 |  6.7
Fighting       | 4 5 |  5.5
Evocations     | 1 |  1.2
Shields        | 1 |  1.9

Action                   |  1- 3 |  4- 6 |  7- 9 | 10-12 || total
-------------------------+-------+-------+-------+-------++-------
Melee: Unarmed           |   167 |   131 |   275 |   363 ||   936
       Tailslap          |    16 |    13 |    39 |    55 ||   123
       Punch             |     2 |     2 |    13 |    19 ||    36
Throw: Tomahawk          |     4 |       |       |       ||     4
Invok: Potion Petition   |       |       |       |     2 ||     2
 Abil: Breathe Steam     |       |       |    32 |    54 ||    86
Evoke: Phial of floods   |       |       |       |     2 ||     2
       Lightning rod     |       |       |       |     4 ||     4
  Use: Potion            |       |     4 |       |     3 ||     7
       Scroll            |       |       |       |    18 ||    18
 Stab: Sleeping          |     4 |     5 |     4 |     3 ||    16
       Distracted        |       |       |     1 |     4 ||     5
       Invisible         |       |       |       |     4 ||     4
  Eat: Chunk             |     4 |     4 |     2 |       ||    10
       Ration            |       |       |     5 |     5 ||    10
Armor: Skin              |    30 |    39 |    59 |    78 ||   206
Dodge: Dodged            |   111 |    82 |   163 |   252 ||   608
Block: Shield            |       |       |       |    18 ||    18
